 Dungeon Crawl Stone Soup version 0.32-a0-136-gc02482bde3 (webtiles) character file.

Game seed: 10452377124530256637

140 Ceno the Sneak (level 5, 0/33 HPs)
             Began as an Octopode Shapeshifter on Feb 10, 2024.
             Slain by a ball python (3 damage)
             ... on level 3 of the Dungeon.
             The game lasted 00:03:04 (1519 turns).

Ceno the Sneak (Octopode Shapeshifter)              Turns: 1519, Time: 00:03:05

Health: 0/33       AC:  1    Str: 13    XL:     5   Next: 23%
Magic:  5/5        EV: 10    Int: 12    God:
Gold:   135        SH:  0    Dex: 14    Spells: 4/4 levels left

rFire   . .          .
                       - Unarmed
rCold   . . .        (no shield)
rNeg    . . .        (helmet currently unavailable)
rPois   .            (no amulet)
rElec   .            (no ring)
rCorr   .            (no ring)
SInv    .            (no ring)
Will    .....        (no ring)
Stlth   ++++         (no ring)
HPRegen 0.25/turn    (no ring)
MPRegen 0.09/turn    (no ring)
                     (no ring)

%: no passive effects
@: beast-form, constricted
A: beast (slay +2), almost no armour, amphibious, 8 rings, camouflage 1,
gelatinous body 1, (nimble swimmer 1), tentacles
a: Begin Untransformation


You were on level 3 of the Dungeon.
You were a hulking beast.
You visited 1 branch of the dungeon, and saw 3 of its levels.

You collected 135 gold pieces.

Inventory:

Missiles
 g - 8 stones (quivered)
 i - 5 poisoned darts
 p - 2 throwing nets
Talismans
 b - a beast talisman
 c - a flux talisman
Scrolls
 d - 2 scrolls of silence {unknown}
 h - a scroll of immolation {unknown}
 k - 2 scrolls of teleportation {unknown}
 l - 2 scrolls of poison {unknown}
 m - 2 scrolls of identify {unknown}
Potions
 a - a potion of lignification
 e - a potion of attraction {unknown}
 f - a potion of magic {unknown}
 j - a potion of curing {unknown}
 n - a potion of enlightenment {unknown}
 o - a potion of heal wounds {unknown}


   Skills:
 - Level 1.0 Fighting
 - Level 2.0 Dodging
 * Level 4.7 Stealth
 + Level 3.8 Unarmed Combat
 + Level 3.7 Shapeshifting


You had 4 spell levels left.
You didn't know any spells.
Your spell library was empty.

Dungeon Overview and Level Annotations

Branches:
Dungeon (3/15)

Altars:

Shops:
D:2 [


Innate Abilities, Weirdness & Mutations

You are a hulking beast.
Your limbs bulge with bestial killing power. (Slay +2)
You cannot wear most types of armour.
You are amphibious.
You can wear up to eight rings at the same time.
Your skin changes colour to match your surroundings (Stealth+).
Your rubbery body absorbs attacks. (AC +1, EV +1)
((You are camouflaged when in or above water. (Stealth+)))
You have tentacles for arms and can constrict up to eight enemies at once.


Message History

Your grab misses the jackal. You constrict the ribbon worm.
The jackal closely misses you. x2; The giant cockroach bites you.
The ball python bites you. The ball python constricts you.
You tentacle-slap the jackal. Your grab misses the jackal.
Your squeeze misses the jackal.
The jackal is heavily wounded.
You constrict the ribbon worm. The jackal bites you. x2
The ribbon worm bites you.
The giant cockroach completely misses you.
The ball python barely misses you. The ball python constricts you.
You closely miss the jackal. You grab the jackal. You squeeze the jackal.
You kill the jackal!
You constrict the ribbon worm.
You kill the ribbon worm!
The giant cockroach completely misses you.
The ball python barely misses you. The ball python constricts you.
The jackal bites you.
The jackal bites you but does no damage.
You miss the jackal. You grab the jackal. You tentacle-slap the jackal.
You squeeze the jackal.
You kill the jackal!
The jackal bites you. The giant cockroach bites you. The jackal bites you.
The ball python bites you.
* * * LOW HITPOINT WARNING * * *
The ball python constricts you.
You tentacle-slap the jackal. You grab the jackal. You squeeze the jackal.
You kill the jackal!
The jackal bites you.
* * * LOW HITPOINT WARNING * * *
The giant cockroach barely misses you. The ball python completely misses you.
The ball python constricts you.
* * * LOW HITPOINT WARNING * * *
The jackal bites you.
* * * LOW HITPOINT WARNING * * *
You tentacle-slap the jackal. You grab the jackal.
The jackal is moderately wounded.
You constrict the jackal.
The giant cockroach completely misses you.
The ball python bites you.
You die...

###. #.#####.###.♣~~♣P~
....###.....).###♣~~~~P~
........#######..~P♣~~~~
............)...♣~~~P~~~
........#######♣~~~~~~P~
........##....".♣♣~P≈P≈~
................~~~≈≈≈≈~
...............♣~~~≈≈≈≈~
......†hB.....♣♣~P≈≈≈≈≈≈
.......hS.....♣♣♣~≈≈≈≈≈≈
..............♣~~~≈≈≈≈≈≈
.....)........♣♣~~≈≈≈≈≈≈
######........♣~~≈≈≈≈≈≈≈
##.######♣♣~~≈≈≈≈≈≈ #..
~~~≈≈≈≈≈ ... P~~≈≈≈≈≈
~P~~≈≈≈≈


You could see a jackal, a giant cockroach and a ball python.

Vanquished Creatures
  An orc priest (D:3)
  5 adders
  2 dart slugs (D:1)
  2 ribbon worms
  5 orcs (D:3)
  2 ball pythons (D:1)
  4 endoplasms
  4 giant cockroaches
  4 goblins (D:1)
  6 hobgoblins
  5 jackals (D:3)
  2 kobolds
  2 quokkas
  2 bats
  4 rats
50 creatures vanquished.

Notes
Turn   | Place    | Note
-------+----------+-------------------------------------------
     0 | D:1      | Ceno the Octopode Shapeshifter began the quest for the Orb.
     0 | D:1      | Reached XP level 1. HP: 13/13 MP: 1/1
    20 | D:1      | Reached skill level 1 in Stealth
    25 | D:1      | Reached XP level 2. HP: 14/18 MP: 2/2
    95 | D:1      | Reached skill level 2 in Stealth
   461 | D:1      | Reached XP level 3. HP: 19/23 MP: 3/3
   727 | D:2      | Found Vizauli's Armour Shop.
   759 | D:2      | Reached skill level 3 in Stealth
   812 | D:2      | Reached XP level 4. HP: 21/28 MP: 4/4
  1258 | D:3      | Reached skill level 4 in Stealth
  1265 | D:3      | Reached XP level 5. HP: 15/33 MP: 5/5
  1519 | D:3      | Slain by a ball python

Illustrated notes

Levels and vault maps discovered:
D:1:      amcnicky_arrival_single_pillar, layout_basic
D:2:      layout_basic, serial_shops, shop
D:3:      layout_basic, minivault_24, minivault_25, hangedman_glass_teeth,
          serial_bayou_lake_a

Skill      XL: |  1  2  3  4 |
---------------+-------------+-----
Stealth        | 1 2 3 4 |  4.7
Fighting       | |  1.0
Dodging        | |  2.0
Unarmed Combat | |  3.8
Shapeshifting  | |  3.7

Action                     |  1- 3 |  4- 6 || total
---------------------------+-------+-------++-------
  Melee: Unarmed           |    47 |    54 ||   101
         Tentacles         |    13 |    13 ||    26
         Constrict         |    13 |    20 ||    33
         Punch             |     3 |     2 ||     5
  Throw: Stone             |     1 |     1 ||     2
   Stab: Sleeping          |     7 |     5 ||    12
 Armour: Skin              |    12 |    28 ||    40
  Dodge: Dodged            |    23 |    34 ||    57

Table legend: (Time is in decaauts)
 A = Elapsed time spent in this place.
 B = Non-inter-level travel time spent in this place.
 C = Inter-level travel time spent in this place.
 D = Time resting spent in this place.
 E = Time spent auto-exploring this place.
 F = Levels seen in this place.
 G = Mean time per level.
                   A        B        C        D        E       F      G
               +--------+--------+--------+--------+--------+-----+--------+
         Total |   1511 |   1458 |     53 |      8 |   1126 |   3 |  503.7 |
       Dungeon |   1511 |   1458 |     53 |      8 |   1126 |   3 |  503.7 |
               +--------+--------+--------+--------+--------+-----+--------+

Top non-repeatable levels by time:
     D:1: 707 daAuts
     D:2: 514 daAuts
     D:3: 289 daAuts
